 Dungeon Crawl Stone Soup version 0.31-a0-965-g8a8ce12e04 (webtiles) character file.

Game seed: 5120062745174934382

3373 Maxmaps the Fighter (level 9, -1/165 HPs)
             Began as a Troll Shapeshifter on Oct 27, 2023.
             Was an Initiate of the Shining One.
             Slain by an orc
             ... wielding a +3 falchion
              (4 damage)
             ... on level 7 of the Dungeon.
             The game lasted 00:06:13 (5376 turns).

Maxmaps the Fighter (Troll Shapeshifter)            Turns: 5376, Time: 00:06:14

Health: -1/165     AC: 24    Str: 24    XL:     9   Next: 74%
Magic:  8/8        EV:  1    Int: 10    God:    the Shining One [......]
Gold:   316        SH:  0    Dex:  9    Spells: 8/8 levels left

rFire   . .          .
                       - Unarmed
rCold   . . .        (no shield)
rNeg    . . .        a - melded +0 animal skin
rPois   +            (helmet currently unavailable)
rElec   .            (cloak currently unavailable)
rCorr   .            (gloves unavailable)
SInv    .            (boots unavailable)
Will    .....        z - amulet of the acrobat
Stlth   +            (no ring)
HPRegen 1.27/turn    (no ring)
MPRegen 0.11/turn

%: acrobat
@: lethally poisoned (-1 -> -2), tree-form, slowed, glowing, studying Fighting,
very slow
A: stationary, stasis, torment immunity, boosted hp, large, unfitting armour,
(claws 3), regeneration 1, (shaggy fur 1), (tough skin 1)
a: Renounce Religion


You were on level 7 of the Dungeon.
You worshipped the Shining One.
The Shining One was noncommittal.
You were a tree.
You visited 2 branches of the dungeon, and saw 9 of its levels.

You collected 316 gold pieces.

Inventory:

Missiles
 C - a throwing net
Armour
 a - a +0 animal skin (melded)
 j - a +1 hat
 D - a +2 cloak
Jewellery
 z - an amulet of the acrobat (around neck)
Talismans
 c - a beast talisman
 d - a flux talisman
 B - a maw talisman
Wands
 x - a wand of flame (46)
 A - a wand of polymorph (11)
 F - a wand of mindburst (17)
Scrolls
 e - 3 scrolls of enchant armour {unknown}
 f - 4 scrolls of identify {unknown}
 h - 2 scrolls of butterflies {unknown}
 l - 2 scrolls of immolation {unknown}
 p - a scroll of poison {unknown}
 q - 2 scrolls of blinking {unknown}
 r - 2 scrolls of fog {unknown}
 s - 3 scrolls of vulnerability {unknown}
 t - 3 scrolls of enchant weapon {unknown}
 u - a scroll of fear {unknown}
 w - a scroll of revelation {unknown}
 y - 2 scrolls of torment {unknown}
 E - a scroll of noise {unknown}
Potions
 b - a potion of lignification
 g - a potion of magic {unknown}
 i - a potion of haste {unknown}
 k - a potion of curing {unknown}
 m - a potion of berserk rage {unknown}
 n - a potion of heal wounds {unknown}
 o - 2 potions of mutation {unknown}
 v - a potion of enlightenment {unknown}


   Skills:
 + Level 13.0 Fighting
 - Level 1.5 Dodging
 - Level 3.0 Unarmed Combat
 - Level 3.0 Shapeshifting


You had 8 spell levels left.
You didn't know any spells.
Your spell library contained the following spells:

 Spells                   Type           Power      Damage    Failure   Level
 Apportation              Tloc           0%         N/A       36%         1
 Jinxbite                 Hex            0%         N/A       50%         2
 Alistair's Intoxication  Tmut/Pois      0%         N/A       100%        5
 Summon Forest            Summ/Tloc      0%         N/A       100%        5
 Eringya's Noxious Bog    Tmut/Pois      0%         4d6       100%        6
 Summon Hydra             Summ           0%         N/A       100%        7


Dungeon Overview and Level Annotations

Branches:
Dungeon (8/15)             Temple (1/1) D:6
   Lair: D:8-11

Altars:
Ashenzari
Cheibriados
Elyvilon
Fedhas
Gozag
Hepliaklqana
Kikubaaqudgha
Makhleb
Nemelex Xobeh
Okawaru
Qazlal
Ru
Trog
Uskayaw
Vehumet
Wu Jian
Xom
Zin
The Shining One

Shops:
D:5 (   D:8 *


Innate Abilities, Weirdness & Mutations

You are a tree.
Your roots penetrate the ground, keeping you stationary.
You cannot be teleported.
You are immune to unholy pain and torment.
Your maximum health is greatly increased.
Your equipment is partially melded.
You are too large for most types of armour.
((You have claws for hands.))
Your natural rate of healing is unusually fast.
((You are covered in fur. (AC +1)))
((You have tough skin. (AC +1)))


Message History

You feel very sick. The hornet completely misses you. The hornet stings you!
You feel as though you will be slow longer.
You scratch the hornet but do no damage.
The hornet is almost dead.
You feel very sick. The hornet stings you!
You are more poisoned.
You suddenly lose the ability to move!
The hornet stings you!
You are more poisoned.
You feel as though you will be slow longer.
You feel very sick. The hornet stings you!
You shrug off the repeated paralysis!
The hornet stings you but does no damage.
The orc hits you with a +3 falchion.
* * * LOW HITPOINT WARNING * * *
You feel very sick. The hornet stings you!
* * * LOW HITPOINT WARNING * * *
You shrug off the repeated paralysis!
The orc hits you with a +3 falchion.
* * * LOW HITPOINT WARNING * * *
You can move again.
Unknown command.
Your transformation has ended.
You turn into a tree.
Your +0 animal skin melds into your body.
Your roots penetrate the ground.
You feel very sick. The hornet stings you.
* * * LOW HITPOINT WARNING * * *
The hornet stings you but does no damage.
The orc hits you with a +3 falchion.
* * * LOW HITPOINT WARNING * * *
Unknown command.
You pummel the hornet!!
You kill the hornet!
* * * LOW HITPOINT WARNING * * *
You feel very sick. The orc hits you with a +3 falchion.
You die...

#....#
....#
#.$.. #
#...# #.
#...#
#.#..#...#
......o..#
#.♣<#
#..## #...
..#..#
......#
#.##...#
... .....
## ###..


You could see an orc.

Vanquished Creatures
  A komodo dragon (D:6)
  A hornet (D:7)
  A shadow (D:6)
  A yak (D:6)
  Grum (D:8)
  A water moccasin (D:8)
  2 ice beasts
  An orc warrior (D:8)
  A sky beast (D:6)
  2 black bears (D:4)
  4 wolves (D:8)
  2 centaurs
  2 phantoms
  A kobold brigand (D:6)
  2 bullfrogs (D:6)
  A gnoll sergeant (D:8)
  3 scorpions
  6 killer bees (D:4)
  3 howler monkeys (D:8)
  A jelly (D:6)
  2 hounds
  8 orc wizards
  3 iguanas
  4 gnolls (D:8)
  6 adders
  A shadow imp (D:8)
  2 ufetubi (D:6)
  A worm (D:3)
  4 dart slugs
  21 orcs
  8 ball pythons
  13 bats
  8 endoplasms
  A giant cockroach (D:2)
  8 goblins
  2 hobgoblins
  9 kobolds
  4 quokkas
  2 frilled lizards
  7 rats
151 creatures vanquished.

Notes
Turn   | Place    | Note
-------+----------+-------------------------------------------
     0 | D:1      | Maxmaps the Troll Shapeshifter began the quest for the Orb.
     0 | D:1      | Reached XP level 1. HP: 18/18 MP: 0/0
     6 | D:1      | Reached skill level 1 in Fighting
   141 | D:1      | Reached XP level 2. HP: 28/28 MP: 1/1
   258 | D:1      | Reached skill level 2 in Fighting
   399 | D:1      | Reached XP level 3. HP: 36/36 MP: 2/2
   578 | D:2      | Identified the +8 long sword of Reulupi {elec, rC+ Dex+3}
   949 | D:2      | Reached skill level 3 in Fighting
  1131 | D:3      | Found an ancient bone altar of Kikubaaqudgha.
  1340 | D:3      | Reached XP level 4. HP: 45/45 MP: 3/3
  2044 | D:4      | Noticed a phantom
  2052 | D:4      | Killed a phantom
  2053 | D:4      | Reached skill level 4 in Fighting
  2053 | D:4      | Reached XP level 5. HP: 53/55 MP: 4/4
  2076 | D:4      | Found a hide-covered altar of Uskayaw.
  2076 | D:4      | Found a sparkling altar of Nemelex Xobeh.
  2336 | D:4      | Reached skill level 5 in Fighting
  2336 | D:4      | Reached XP level 6. HP: 38/66 MP: 5/5
  2359 | D:4      | Reached skill level 6 in Fighting
  2599 | D:4      | Reached XP level 7. HP: 70/76 MP: 6/6
  2904 | D:5      | Entered Level 5 of the Dungeon
  2972 | D:5      | Reached skill level 7 in Fighting
  3300 | D:5      | Reached XP level 8. HP: 84/88 MP: 7/7
  3305 | D:5      | Found Mithreale's Antique Weapon Shoppe.
  3584 | D:6      | Reached skill level 8 in Fighting
  3748 | D:6      | Found a staircase to the Ecumenical Temple.
  3793 | D:6      | Noticed a komodo dragon
  3800 | D:6      | Reached skill level 9 in Fighting
  3815 | D:6      | Killed a komodo dragon
  3816 | D:6      | Reached XP level 9. HP: 34/101 MP: 8/8
  3818 | D:6      | Reached skill level 10 in Fighting
  3904 | Temple   | Entered the Ecumenical Temple
  3919 | Temple   | Became a worshipper of the Shining One
  3979 | D:6      | Identified the +10 mace "Hell-Harrower" {pain, Drain rElec
                  | rPois Str+3}
  4000 | D:6      | Found an opulent altar of Gozag.
  4003 | D:6      | You fall into a shaft and drop 2 floors!
  4107 | D:8      | Found a shimmering altar of Xom.
  4222 | D:8      | Noticed Grum
  4238 | D:8      | Killed Grum
  4239 | D:8      | Reached skill level 11 in Fighting
  4445 | D:8      | Found Ydo Junurir's Assorted Antiques.
  4592 | D:8      | Reached skill level 12 in Fighting
  5215 | D:6      | Reached skill level 13 in Fighting
  5269 | D:6      | Found a snail-covered altar of Cheibriados.
  5369 | D:7      | Paralysed by a hornet for 1 turns
  5372 | D:7      | Paralysed by a hornet for 3 turns
  5375 | D:7      | HP: 5/165 [hornet (4)]
  5376 | D:7      | Slain by an orc

Illustrated notes

Levels and vault maps discovered:
D:1:      roderic_crossed_star, layout_basic
D:2:      layout_loops_ring
D:3:      kennysheep_six_static_rooms, layout_basic, kiku_gazebo_pond_becter
D:4:      layout_loops_corners, gammafunk_temple_overflow_statue
D:5:      layout_loops_ring, serial_shops, nicolae_shop_advertising_works
          [nicolae_subvault_shop_adworks]
D:6:      layout_basic, mainiacjoe_overflow_catwalk, cheibriados_altar_1,
          minmay_temple_entry_sparse_star, minmay_manual_moon
D:7:      layout_basic, minmay_ruined_shrine, uniq_joseph, uniq_jeremiah,
          uniq_crazy_yiuf_cottage
D:8:      layout_basic, xom_teletrap_fun, serial_shops, shop, uniq_grum
Temple:   hellmonk_temple_forest_ring

Skill      XL: |  1  2  3  4  5  6  7  8  9 |
---------------+----------------------------+-----
Fighting       | 1 2 3 4 5 6 7 9 13 | 13.0
Dodging        | |  1.5
Unarmed Combat | |  3.0
Shapeshifting  | |  3.0

Action                     |  1- 3 |  4- 6 |  7- 9 || total
---------------------------+-------+-------+-------++-------
  Melee: Unarmed           |    89 |    99 |   288 ||   476
         Punch             |     2 |       |     7 ||     9
    Use: Potion            |       |     1 |     3 ||     4
   Stab: Sleeping          |       |     1 |       ||     1
 Armour: Animal skin       |    66 |    59 |   217 ||   342
         Skin              |       |    38 |    39 ||    77
  Dodge: Dodged            |    44 |    30 |   117 ||   191

Table legend: (Time is in decaauts)
 A = Elapsed time spent in this place.
 B = Non-inter-level travel time spent in this place.
 C = Inter-level travel time spent in this place.
 D = Time resting spent in this place.
 E = Time spent auto-exploring this place.
 F = Levels seen in this place.
 G = Mean time per level.
                   A        B        C        D        E       F      G
               +--------+--------+--------+--------+--------+-----+--------+
         Total |   5351 |   5123 |    228 |    370 |   3787 |   9 |  594.6 |
       Dungeon |   5316 |   5119 |    197 |    370 |   3787 |   8 |  664.5 |
        Temple |     34 |      3 |     31 |      0 |      0 |   1 |   34.0 |
               +--------+--------+--------+--------+--------+-----+--------+

Top non-repeatable levels by time:
     D:4: 1049 daAuts
     D:8: 994 daAuts
     D:3: 771 daAuts
     D:6: 693 daAuts
     D:5: 576 daAuts
     D:2: 563 daAuts
     D:1: 507 daAuts
     D:7: 161 daAuts
  Temple: 34 daAuts
